 Dungeon Crawl Stone Soup version 0.27-a0-1200-g94dc6ad4cf (webtiles) character file.

Game seed: 10696081154187773843

1766 bilbop the Shield-Bearer (level 8, -2/71 HPs)
             Began as a Minotaur Fighter on May 31, 2021.
             Was an Initiate of Okawaru.
             Killed from afar by a steam dragon (25 damage)
             ... with a ball of steam
             ... on level 7 of the Dungeon.
             The game lasted 00:28:08 (6428 turns).

bilbop the Shield-Bearer (Minotaur Fighter)         Turns: 6428, Time: 00:28:09

Health: -2/71      AC: 15    Str: 20    XL:     8   Next: 80%
Magic:  11/11      EV:  6    Int:  7    God:    Okawaru [......]
Gold:   367        SH: 10    Dex: 11    Spells: 12/12 levels left

rFire    . . .     SeeInvis .   a - +0 whip (freeze)
rCold    . . .     Faith    .   c - +0 kite shield
rNeg     . . .     Spirit   .   A - +0 chain mail
rPois    .         Reflect  .   (helmet restricted)
rElec    .         Harm     .   G - +1 cloak {rCorr}
rCorr    +         Rampage  .   (no gloves)
Will     .....                  u - +2 pair of boots
Stlth    ..........             (no amulet)
HPRegen  0.21/turn              v - ring of resist corrosion
MPRegen  0.12/turn              (no ring)

@: no status effects
A: horns 2, retaliatory headbutt
a: Renounce Religion


You were on level 7 of the Dungeon.
You worshipped Okawaru.
Okawaru was noncommittal.
You visited 2 branches of the dungeon, and saw 8 of its levels.

You collected 367 gold pieces.

Inventory:

Hand Weapons
 a - a +0 whip of freezing (weapon)
 b - a +0 hunting sling
 z - a +0 flail
Missiles
 h - 250 stones (quivered)
 k - 61 sling bullets
Armour
 c - a +0 kite shield (worn)
 g - a +0 scale mail
 u - a +2 pair of boots (worn)
 A - a +0 chain mail (worn)
 G - a +1 cloak of preservation (worn)
Jewellery
 v - a ring of resist corrosion (left hand)
Scrolls
 f - a scroll of brand weapon {unknown}
 i - 4 scrolls of identify {unknown}
 j - 2 scrolls of amnesia {unknown}
 q - a scroll of enchant armour {unknown}
 r - a scroll of fear {unknown}
 s - 2 scrolls of magic mapping
 t - a scroll of vulnerability {unknown}
 x - a scroll of immolation {unknown}
 y - a scroll of acquirement {unknown}
 D - 2 scrolls of teleportation {unknown}
Potions
 d - a potion of might
 e - 5 potions of curing {unknown}
 l - a potion of lignification {unknown}
 m - 2 potions of flight {unknown}
 n - 2 potions of attraction {unknown}
 o - 2 potions of berserk rage {unknown}
 p - 2 potions of magic {unknown}
 w - 2 potions of ambrosia {unknown}
 B - a potion of resistance {unknown}
 C - 2 potions of heal wounds {unknown}
 E - a potion of brilliance {unknown}
 F - a potion of haste {unknown}


   Skills:
 + Level 6.5 Fighting
 + Level 5.9 Maces & Flails
 + Level 4.8 Slings
 + Level 6.5 Armour
 + Level 6.6 Shields
 + Level 2.8 Spellcasting
 + Level 1.6 Invocations


You had 12 spell levels left.
You didn't know any spells.
Your spell library contained the following spells:

 Spells                   Type           Power      Damage    Failure   Level
 Beastly Appendage        Tmut           2%         N/A       100%        1
 Foxfire                  Conj/Fire      4%         2x1d4     100%        1
 Sting                    Tmut/Pois      4%         1d3       100%        1
 Poisonous Vapours        Pois/Air       2%         N/A       100%        2
 Wereblood                Tmut           1%         N/A       100%        2
 Conjure Flame            Conj/Fire      1%         6-21      100%        3
 Ignite Poison            Fire/Tmut/Pois 1%         N/A       100%        3
 Inner Flame              Hex/Fire       1%         N/A       100%        3
 Mephitic Cloud           Conj/Pois/Air  1%         N/A       100%        3
 Spider Form              Tmut/Pois      0%         N/A       100%        3
 Ice Form                 Ice/Tmut       1%         N/A       100%        4
 Olgreb's Toxic Radiance  Pois           1%         N/A       100%        4
 Sticky Flame             Conj/Fire      1%         2d3       100%        4
 Fireball                 Conj/Fire      0%         3d3       100%        5
 Hydra Form               Tmut           0%         N/A       100%        5


Dungeon Overview and Level Annotations

Branches:
Dungeon (7/15)             Temple (1/1) D:6

Altars:
Ashenzari
Cheibriados
Dithmenos
Elyvilon
Fedhas
Gozag
Hepliaklqana
Kikubaaqudgha
Makhleb
Nemelex Xobeh
Okawaru
Qazlal
Ru
Sif Muna
Uskayaw
Vehumet
Wu Jian
Xom
Yredelemnul
Zin
The Shining One

Shops:
D:4 (


Innate Abilities, Weirdness & Mutations

You have a pair of horns on your head.
You reflexively headbutt those who attack you in melee.


Message History

You closely miss the steam dragon.
You are engulfed in a cloud of scalding steam.
You block the steam dragon's attack.
The steam dragon claws you but does no damage.
Your chain mail prevents you from hitting the steam dragon.
Your headbutt misses the steam dragon.
You are engulfed in a cloud of scalding steam.
The steam dragon bites you but does no damage.
You block the steam dragon's attack.
You hit the steam dragon. You freeze the steam dragon.
The steam dragon is moderately wounded.
You are engulfed in a cloud of scalding steam.
The steam dragon barely misses you.
The steam dragon claws you but does no damage.
You hit the steam dragon. You freeze the steam dragon.
Your headbutt misses the steam dragon.
The steam dragon is moderately wounded.
You are engulfed in a cloud of scalding steam.
The steam dragon breathes steam at you. The ball of steam hits you!!
You completely miss the steam dragon.
You headbutt the steam dragon, but do no damage.
The steam dragon is moderately wounded.
The steam dragon bites you but does no damage.
The steam dragon claws you.
You barely miss the steam dragon.
The steam dragon is moderately wounded.
The steam dragon bites you! The steam dragon barely misses you.
You barely miss the steam dragon.
The steam dragon is moderately wounded.
The steam dragon bites you. You block the steam dragon's attack.
You closely miss the steam dragon. Your headbutt misses the steam dragon.
The steam dragon is moderately wounded.
You block the steam dragon's attack. The steam dragon barely misses you.
You hit the steam dragon. You freeze the steam dragon.
Your headbutt misses the steam dragon.
The steam dragon is heavily wounded.
The steam dragon breathes steam at you. The ball of steam hits you!!
You die...

....# .......## ....#
.........?... ......
.....§?....##
#.#########...
.§......
#.........#..# #....#
#########.#..###.§..#
..........#..#.§....#
#####.....#..#.#§§..#
....+.....'..#.#@...#
#####.....##.#.#D...#
....'..........#....#
#####.....##.###....#
..# #.....##.# .....#
#.###.....##.# #....#
#...'......#.# #.....
#####......#.#
##+####
....[......#.#


You could see a steam dragon (catching breath).

Vanquished Creatures
  Pikel (D:5)
  Menkaure (D:5)
  2 sky beasts
  A centaur (D:7)
  A lemure (D:4)
  A bullfrog (D:6)
  2 scorpions
  A wyvern skeleton (D:5)
  A howler monkey (D:3)
  A bullfrog zombie (D:7)
  4 hounds
  An orc priest (D:7)
  Crazy Yiuf (D:6)
  3 centaur skeletons
  3 iguanas
  An orc wizard (D:7)
  2 scorpion zombies (D:5)
  A killer bee zombie (D:6)
  A hound skeleton (D:4)
  8 adders
  A shadow imp (D:6)
  A white imp (D:5)
  2 adder skeletons
  4 worms
  A dart slug (D:1)
  2 orcs
  8 endoplasms
  3 giant cockroaches
  8 goblins
  7 hobgoblins
  7 kobolds
  3 quokkas
  6 ball pythons
  5 bats
  6 frilled lizards
  5 rats
106 creatures vanquished.

Vanquished Creatures (others)
  An orc wizard (D:7)
1 creature vanquished.

Grand Total: 107 creatures vanquished

Notes
Turn   | Place    | Note
-------+----------+-------------------------------------------
     0 | D:1      | bilbop the Minotaur Fighter began the quest for the Orb.
     0 | D:1      | Reached XP level 1. HP: 19/19 MP: 0/0
   320 | D:1      | You fall into a shaft and drop 1 floor!
   436 | D:1      | Reached XP level 2. HP: 27/27 MP: 1/1
   889 | D:1      | Reached XP level 3. HP: 33/33 MP: 2/2
   897 | D:1      | Found a faded altar of an unknown god.
  1263 | D:2      | Found a snail-covered altar of Cheibriados.
  1432 | D:2      | Reached skill level 1 in Slings
  1679 | D:2      | Reached XP level 4. HP: 40/40 MP: 2/4
  2401 | D:3      | Reached skill level 1 in Spellcasting
  2401 | D:3      | Reached XP level 5. HP: 47/47 MP: 5/5
  2978 | D:4      | Noticed a sky beast
  2991 | D:4      | Killed a sky beast
  2992 | D:4      | Reached XP level 6. HP: 36/53 MP: 5/7
  3136 | D:4      | Reached skill level 5 in Shields
  3495 | D:4      | Found Doicvy's Weapon Emporium.
  3625 | D:5      | Entered Level 5 of the Dungeon
  3666 | D:5      | Noticed Menkaure
  3673 | D:5      | Killed Menkaure
  3674 | D:5      | Reached skill level 5 in Fighting
  3674 | D:5      | Reached skill level 5 in Armour
  3908 | D:5      | Reached XP level 7. HP: 61/61 MP: 8/8
  4047 | D:5      | Noticed Pikel
  4080 | D:5      | Killed Pikel
  4081 | D:5      | Reached skill level 5 in Maces & Flails
  4081 | D:5      | Reached XP level 8. HP: 18/70 MP: 8/10
  5062 | D:6      | Found a staircase to the Ecumenical Temple.
  5080 | Temple   | Entered the Ecumenical Temple
  5155 | Temple   | Became a worshipper of Warmaster Okawaru
  5791 | D:6      | Found a runed translucent door.
  5792 | D:6      | Noticed Crazy Yiuf
  5800 | D:6      | Killed Crazy Yiuf
  5955 | D:7      | Reached skill level 1 in Invocations
  6428 | D:7      | Killed from afar by a steam dragon

Illustrated notes

Levels and vault maps discovered:
D:1:      wander_arrival_lonely_grave, layout_loops_corners,
          shapermc_ecumenical_altar_venn
D:2:      minmay_wonky_spiral, layout_basic, basic_altar
D:3:      layout_loops_ring
D:4:      layout_rooms, serial_shops, nicolae_shop_trees,
          mrwooster_statue_mirror
D:5:      layout_rooms, uniq_pikel, uniq_menkaure
D:6:      layout_cave_pools, minmay_temple_entry_offerings,
          uniq_crazy_yiuf_cottage
D:7:      layout_basic, hangedman_decor_points, feat_on_display
Temple:   grunt_wide_crystal_templ

Skill      XL: |  1  2  3  4  5  6  7  8 |
---------------+-------------------------+-----
Armour         | 4 5 6 |  6.5
Shields        | 4 5 6 |  6.6
Slings         | 1 2 4 |  4.8
Fighting       | 4 5 6 |  6.5
Maces & Flails | 3 4 5 |  5.9
Spellcasting   | 1 2 |  2.8
Invocations    | 1 |  1.6

Action                   |  1- 3 |  4- 6 |  7- 9 || total
-------------------------+-------+-------+-------++-------
Melee: Flail             |    75 |   127 |    41 ||   243
       Headbutt          |    10 |    21 |    43 ||    74
       Whip              |       |       |   148 ||   148
 Fire: Hunting sling     |     3 |    19 |    23 ||    45
  Use: Scroll            |       |       |     1 ||     1
Armor: Scale mail        |    39 |    60 |    11 ||   110
       Chain mail        |       |       |    88 ||    88
Dodge: Dodged            |    25 |    38 |    30 ||    93
Block: Kite shield       |    41 |    63 |    95 ||   199

Table legend: (Time is in decaauts)
 A = Elapsed time spent in this place.
 B = Non-inter-level travel time spent in this place.
 C = Inter-level travel time spent in this place.
 D = Time resting spent in this place.
 E = Time spent auto-exploring this place.
 F = Levels seen in this place.
 G = Mean time per level.
                   A        B        C        D        E       F      G
               +--------+--------+--------+--------+--------+-----+--------+
         Total |   6520 |   6266 |    254 |   1032 |   4308 |   8 |  815.0 |
       Dungeon |   6439 |   6208 |    231 |   1032 |   4253 |   7 |  919.9 |
        Temple |     80 |     57 |     23 |      0 |     55 |   1 |   80.0 |
               +--------+--------+--------+--------+--------+-----+--------+

Top non-repeatable levels by time:
     D:1: 1196 daAuts
     D:2: 1090 daAuts
     D:6: 1074 daAuts
     D:5: 939 daAuts
     D:4: 938 daAuts
     D:3: 707 daAuts
     D:7: 493 daAuts
  Temple: 80 daAuts
